 Dungeon Crawl Stone Soup version 0.22-a0-429-g97ce8ef (webtiles) character file.

51 Gorglomux the Ducker (level 3, -7/21 HPs)
             Began as a Spriggan Berserker on May 25, 2018.
             Killed by the fiery rage of Trog (27 damage)
             ... on level 2 of the Dungeon.
             The game lasted 00:01:25 (1599 turns).

Gorglomux the Ducker (Spriggan Berserker)           Turns: 1599, Time: 00:01:26

Health: -7/21      AC:  2    Str: 14    XL:     3   Next: 58%
Magic:  4/4        EV: 19    Int:  8    God:
Gold:   92         SH:  0    Dex: 15    Spells: 2/2 levels left

rFire    . . .     SeeInvis +   a - +0 short sword
rCold    . . .     Gourm    .   (shield restricted)
rNeg     . . .     Faith    .   b - +0 animal skin
rPois    .         Spirit   .   (helmet restricted)
rElec    .         Reflect  .   (no cloak)
rCorr    .         Harm     .   (gloves unavailable)
MR       .....                  (boots unavailable)
Stlth    +.........             (no amulet)
HPRegen  0.07/turn              (no ring)
MPRegen  0.09/turn              (no ring)

@: very quick
A: very small, unfitting armour, see invisible, herbivore, speed 3, slow
metabolism 2
a: no special abilities


You were on level 2 of the Dungeon.
You were not hungry.

You visited 1 branch of the dungeon, and saw 2 of its levels.

You collected 92 gold pieces.

Inventory:

Hand Weapons
 a - a +0 short sword (weapon)
Armour
 b - a +0 animal skin (worn)
Wands
 m - a wand of flame (19)
Scrolls
 d - 2 scrolls of identify {unknown}
 i - a scroll of enchant armour {unknown}
 l - a scroll of amnesia {unknown}
Potions
 e - 2 potions of curing {unknown}
 f - a potion of degeneration {unknown}
 g - a potion of agility {unknown}
 h - a potion of heal wounds {unknown}
 j - a potion of might {unknown}
 k - 2 potions of lignification {unknown}
Comestibles
 c - 4 rations


   Skills:
 + Level 3.8 Fighting
 - Level 3.2 Short Blades
 - Level 4.4 Dodging


You had 2 spell levels left.
You didn't know any spells.
Your spell library was empty.

Dungeon Overview and Level Annotations

Branches:
Dungeon (2/15)

Altars:


Innate Abilities, Weirdness & Mutations

You are very small and have problems with some larger weapons.
You are too small for most types of armour.
You have supernaturally acute eyesight. (SInv)
You are a herbivore.
You cover ground extremely quickly.
You need to consume almost no food.


Message History

A quokka is nearby!!!
You barely miss the quokka!
The quokka is severely wounded!
The quokka closely misses you!
You barely miss the butt!
The quokka is severely wounded!
The quokka barely misses you!
You spit the quokka like a pig!
You annihilate the quokka!!!
An butt comes into view!
The helpless adder fails to defend itself!
You skewer the adder like a kebab!!!
The adder is butt dead!
The adder bites you!
You spit the adder like a pig!
You annihilate the adder!!!
You feel Trog's fiery rage upon you!!!
You are blasted with searing flames!!!
The searing butts burn away your fire resistance!!!
DANG rip

.........####....###
#^.#####.##.......#
#..#####.##.#####.#
#...........# #.#
#.######....# #.#
#.###.######.##.# #.#
#............##.#####.#
######.#######<......#
#@# ####.#.## #.# ..
#.# ... #.# .. #.# .
#.# #.# ...


There were no monsters in sight!

Vanquished Creatures
  A gnoll (D:1)
  An adder (D:2)
  A worm (D:2)
  A dart slug (D:1)
  3 leopard geckos
  4 bats
  2 giant cockroaches (D:1)
  3 hobgoblins
  3 kobolds
  2 quokkas (D:2)
  2 frilled lizards (D:1)
  3 rats (D:1)
26 creatures vanquished.

Notes
Turn   | Place    | Note
-------+----------+-------------------------------------------
     0 | D:1      | Gorglomux the Spriggan Berserker began the quest for the Orb.
     0 | D:1      | Reached XP level 1. HP: 11/11 MP: 2/2
     0 | D:1      | Fell from the grace of Trog
   299 | D:1      | Reached skill level 3 in Fighting
   299 | D:1      | Reached XP level 2. HP: 10/16 MP: 3/3
   695 | D:1      | Reached XP level 3. HP: 20/20 MP: 4/4
  1599 | D:2      | Killed by the fiery rage of Trog

Vault maps used:
D:1:      lemuel_arrival_rhombus, minmay_misc_feat_secret_circle
D:2:      kennysheep_the_goblin_king, xom_butterflies, first_ration,
          minmay_misc_feat_square, minmay_pentomino_t2

Skill      XL: |  1 |
---------------+----+-----
Fighting       | 3 |  3.8
Short Blades   | |  3.2
Dodging        | |  4.4

Action                   || total
-------------------------++-------
Melee: Short sword       ||   121
Invok: Renounce Religion ||     1
Evoke: Wand              ||     3
 Stab: Sleeping          ||     2
Armor: Animal skin       ||    13
Dodge: Dodged            ||   119

Table legend:
 A = Spawn XP
 B = Non-spawn XP
 C = Spawn XP percentage of total XP
 D = Spawn monster count
 E = Non-spawn monster count
 F = Spawn count percentage of total count
 G = Total turns spent on level
                    A         B        C        D         E        F      G
               +---------+---------+-------+---------+---------+-------+---------
         Total |       0 |      74 |   0.0 |       0 |      26 |   0.0 |  1599
               +---------+---------+-------+---------+---------+-------+---------
           D:1 |       0 |      45 |   0.0 |       0 |      18 |   0.0 |  1261
           D:2 |       0 |      29 |   0.0 |       0 |       8 |   0.0 |   338
               +---------+---------+-------+---------+---------+-------+---------
